 Dungeon Crawl Stone Soup version 0.30.1-11-g7821555f0a (webtiles) character file.

Game seed: 11585054384526973871

12425 fireball365 the Cleaver (level 11, -2/95 HPs)
             Began as a Minotaur Fighter on Oct 29, 2023.
             Was an Initiate of Gozag.
             Killed from afar by an electric eel (11 damage)
             ... with a bolt of electricity
             ... on level 10 of the Dungeon.
             The game lasted 00:26:05 (9691 turns).

fireball365 the Cleaver (Minotaur Fighter)          Turns: 9691, Time: 00:26:06

Health: -2/95      AC: 22    Str: 27    XL:     11   Next: 62%
Magic:  10/10      EV:  7    Int:  8    God:    Gozag
Gold:   820        SH: 19    Dex:  9    Spells: 10/10 levels left

rFire   . . .        a - +0 war axe
rCold   + . .        J - +0 tower shield
rNeg    . . .        m - +1 plate armour
rPois   .            (helmet restricted)
rElec   .            i - +2 cloak
rCorr   .            C - +0 pair of gloves
SInv    .            r - +0 pair of boots
Will    .....        F - amulet of Awe {Faith rC+} Stlth
                     (no ring)
HPRegen 0.35/turn    (no ring)
MPRegen 0.12/turn

%: faith
@: no status effects
A: horns 2, retaliatory headbutt, large bone plates 1, clever 1, strong 1
a: Renounce Religion, Potion Petition, Call Merchant, Bribe Branch


You were on level 10 of the Dungeon.
You worshipped Gozag.
Gozag was pleased with you.
You visited 2 branches of the dungeon, and saw 11 of its levels.
You also visited: Sewer.

You collected 952 gold pieces.
You paid 132 gold pieces to Gozag.

Inventory:

Hand Weapons
 a - a +0 war axe (weapon)
 c - a +0 battleaxe
 I - a +1 heavy battleaxe
Armour
 i - a +2 cloak (worn)
 m - a +1 plate armour (worn)
 r - a +0 pair of boots (worn)
 s - a +2 helmet
 C - a +0 pair of gloves (worn)
 J - a +0 tower shield (worn)
Jewellery
 b - an amulet of magic regeneration
 n - an amulet of faith
 F - the amulet of Awe (around neck) {Faith rC+}
   (You found it on level 8 of the Dungeon)

   [amulet of faith]

   It allows you to gain divine favour quickly.
   rC:        It protects you from cold.
Wands
 f - a wand of mindburst (4)
 v - a wand of paralysis (5)
 B - a wand of quicksilver (14)
Scrolls
 e - 3 scrolls of fear
 g - a scroll of poison
 h - 2 scrolls of vulnerability
 k - 5 scrolls of teleportation
 p - 5 scrolls of enchant weapon
 x - 4 scrolls of amnesia
 E - a scroll of enchant armour
Potions
 d - 5 potions of might
 l - 4 potions of brilliance
 o - 2 potions of flight
 q - 2 potions of attraction
 t - 3 potions of mutation
 w - a potion of degeneration
 z - 2 potions of heal wounds {unknown}
 A - 3 potions of invisibility {unknown}
 D - a potion of magic {unknown}
Miscellaneous
 j - a phantom mirror


   Skills:
 + Level 8.6 Fighting
 + Level 14.2 Axes
 + Level 11.0 Armour
 + Level 5.3 Dodging
 + Level 0.5 Stealth
 + Level 11.2 Shields
 + Level 4.1 Evocations


You had 10 spell levels left.
You didn't know any spells.
Your spell library contained the following spells:

 Spells                   Type           Power      Damage    Failure   Level
 Dazzling Flash           Conj/Hex       0%         N/A       100%        3
 Gell's Gravitas          Tloc           0%         N/A       100%        3
 Teleport Other           Tloc           0%         N/A       100%        3
 Vhi's Electric Charge    Tloc/Air       0%         N/A       100%        3
 Agony                    Necr           0%         N/A       100%        5
 Arcjolt                  Conj/Air       0%         1d10      100%        5
 Silence                  Hex/Air        0%         N/A       100%        5
 Dispersal                Tloc           0%         N/A       100%        6
 Maxwell's Capacitive Co  Air            0%         ∞         100%        8


Dungeon Overview and Level Annotations

Branches:
Dungeon (10/15)            Temple (1/1) D:7           Sewer (visited)
   Lair: D:8-11         Orc: D:9-12

Altars:
Ashenzari
Cheibriados
Dithmenos
Elyvilon
Fedhas
Gozag
Hepliaklqana
Kikubaaqudgha
Makhleb
Nemelex Xobeh
Okawaru
Qazlal
Ru
Sif Muna
Trog
Uskayaw
Vehumet
Wu Jian
Xom
Yredelemnul
Zin
The Shining One


Innate Abilities, Weirdness & Mutations

You have a pair of horns on your head.
You reflexively headbutt those who attack you in melee.
You are partially covered in large bone plates. (SH +4)
Your mind is acute. (Int +4, Str/Dex -1)
Your muscles are strong. (Str +4, Int/Dex -1)


Message History

Aim: an electric eel (chance to affect: 85%)
The electric eel's mind is blasted!!
You blow up the electric eel!
You block the orc warrior's attack.
You slash the orc warrior!
The orc warrior is severely wounded.
The orc warrior is distracted by your dazzling golden aura.
You closely miss the orc warrior.
The orc warrior is no longer distracted by gold.
The orc warrior shouts!
You headbutt the orc warrior, but do no damage.
The orc warrior is severely wounded.
The orc warrior is distracted by your dazzling golden aura.
You closely miss the orc warrior.
The orc warrior is no longer distracted by gold.
The orc warrior is severely wounded.
You block the orc warrior's attack.
You slash the orc warrior! Your headbutt misses the orc warrior.
The orc warrior is almost dead.
You block the orc warrior's attack.
You hit the orc warrior.
You kill the orc warrior!
Your Armour skill increases to level 11!
You now have 813 gold pieces (gained 9).
x - 4 scrolls of amnesia (gained 1)
Items here: )) [[.
You now have 818 gold pieces (gained 5).
You see here a +0 club.
You now have 820 gold pieces (gained 2).
An electric eel comes into view.
You see here 3 gold pieces.
The electric eel shoots out a bolt of lightning at you!
The bolt of electricity hits you!
* * * LOW HITPOINT WARNING * * *
Things that are here:
7 gold pieces; a +0 falchion; a +0 leather armour The electric eel shoots out a bolt of lightning at you!
The bolt of electricity hits you!
You die...
Your body crumbles into a pile of gold.

#.......# #.~..~≈≈.~
#.......## ##...~≈≈~.~~
#........#
##..~~~~≈~.S.
##.....#.#
#$...~.~~~.~. ##...##.#
#.#.≈~..~~.~. #######.#
#......$.$...
#.......###.#..$.......
#.........#.##$..#.....
#......##.#..)@$......#
#...........)##########
#......###.### #......#
### #......# ########


You could see an electric eel.

Vanquished Creatures
  2 two-headed ogres (D:9)
  The ghost of eurytides the Basher, a novice MiFi (D:6)
  The ghost of Laveh the Cleaver, a novice MiFi (D:8)
  Pikel (D:6)
  An unseen horror (D:9)
  2 trolls
  A hornet (D:8)
  2 wraiths
  11 yaks
  2 steam dragons
  Duvessa (D:6)
  A black bear (D:5)
  3 orc warriors
  An ice beast (D:7)
  4 ogres
  3 wolves
  3 centaurs
  2 lemures (D:6)
  A phantom (D:5)
  2 kobold brigands
  A bullfrog (D:8)
  3 gnoll sergeants
  6 scorpions
  11 wights
  Dowan (D:6)
  6 killer bees (D:8)
  3 electric eels
  3 howler monkeys
  5 orc priests
  10 hounds
  3 jellies
  2 gnoll boudas (D:9)
  4 orc wizards
  3 sleepcaps
  4 iguanas
  17 gnolls
  13 adders
  6 river rats (Sewer)
  A shadow imp (D:7)
  An ufetubus (D:5)
  A worm (D:4)
  A dart slug (D:1)
  11 orcs
  6 endoplasms
  6 giant cockroaches
  7 goblins
  5 hobgoblins
  6 jackals
  4 quokkas
  11 ball pythons
  13 bats
  4 frilled lizards
  30 kobolds
  20 rats
273 creatures vanquished.

Notes
Turn   | Place    | Note
-------+----------+-------------------------------------------
     0 | D:1      | fireball365 the Minotaur Fighter began the quest for the
                  | Orb.
     0 | D:1      | Reached XP level 1. HP: 19/19 MP: 0/0
   207 | D:1      | Reached XP level 2. HP: 27/27 MP: 1/1
  1024 | D:2      | Reached skill level 3 in Axes
  1050 | D:2      | Reached XP level 3. HP: 33/33 MP: 2/2
  1586 | D:2      | Found a sparkling altar of Nemelex Xobeh.
  1822 | D:2      | Gained mutation: You are partially covered in large bone
                  | plates. (SH +4) [potion of mutation]
  1822 | D:2      | Gained mutation: Your mind is acute. (Int +4, Str/Dex -1)
                  | [potion of mutation]
  1822 | D:2      | Gained mutation: Your muscles are strong. (Str +4, Int/Dex
                  | -1) [potion of mutation]
  1904 | D:3      | Noticed a scorpion
  1919 | D:3      | Killed a scorpion
  1920 | D:3      | Reached skill level 4 in Axes
  1920 | D:3      | Reached XP level 4. HP: 39/40 MP: 3/3
  2108 | D:3      | Reached XP level 5. HP: 47/47 MP: 4/4
  2611 | D:4      | Reached skill level 5 in Axes
  2642 | D:4      | Found a radiant altar of Vehumet.
  2702 | D:4      | Reached XP level 6. HP: 44/53 MP: 5/5
  2750 | D:4      | Reached skill level 5 in Armour
  2782 | D:4      | Reached skill level 6 in Axes
  2782 | D:4      | Reached skill level 1 in Dodging
  2867 | D:4      | Reached skill level 5 in Shields
  3017 | D:5      | Entered Level 5 of the Dungeon
  3053 | D:5      | Reached skill level 5 in Fighting
  3053 | D:5      | Reached XP level 7. HP: 61/61 MP: 6/6
  3092 | D:5      | Reached skill level 7 in Axes
  3098 | D:5      | HP: 2/61 [gnoll/+1 spear of freezing[a gnoll sergeant] (2)]
  3903 | D:5      | Reached XP level 8. HP: 62/70 MP: 7/7
  3909 | D:5      | Reached skill level 8 in Axes
  3928 | D:5      | Found the +11 Singing Sword {sonic wave}
  4059 | D:6      | Found a snail-covered altar of Cheibriados.
  4072 | D:6      | Noticed a troll
  4085 | D:6      | Killed a troll
  4148 | D:6      | Noticed Pikel
  4149 | D:6      | Found a glowing drain.
  4152 | D:6      | Noticed Dowan
  4160 | D:6      | Noticed Duvessa
  4193 | D:6      | Killed Duvessa
  4320 | D:6      | Killed Dowan
  4385 | D:6      | Killed Pikel
  4386 | D:6      | Reached skill level 9 in Axes
  4386 | D:6      | Reached XP level 9. HP: 42/78 MP: 8/8
  4431 | Sewer    | Entered a sewer
  4577 | Sewer    | Reached skill level 10 in Axes
  4679 | Sewer    | Reached skill level 12 in Axes
  4679 | Sewer    | Reached skill level 5 in Dodging
  4679 | Sewer    | Reached XP level 10. HP: 84/84 MP: 9/9
  5200 | D:6      | Found a runed translucent gate.
  5200 | D:6      | Found a runed translucent gate.
  5201 | D:6      | Found a runed translucent gate.
  5205 | D:6      | Noticed eurytides's ghost (novice MiFi)
  5242 | D:6      | Found a shimmering altar of Xom.
  5619 | D:7      | Found a staircase to the Ecumenical Temple.
  5634 | Temple   | Entered the Ecumenical Temple
  6007 | D:7      | Found a glowing silver altar of Zin.
  6007 | D:7      | Noticed an angel
  6036 | D:7      | Found a shadowy altar of Dithmenos.
  6335 | D:8      | Reached skill level 13 in Axes
  6431 | D:8      | Found an opulent altar of Gozag.
  6564 | D:8      | Became a worshipper of Gozag Ym Sagoz the Greedy
  6828 | D:8      | Identified the amulet of Awe {Faith rC+}
  6844 | D:8      | Noticed Laveh's ghost (novice MiFi)
  6847 | D:8      | Found a transporter.
  6852 | D:8      | Found a transporter.
  7245 | D:8      | Killed Laveh's ghost
  7246 | D:8      | Reached skill level 10 in Shields
  7408 | D:6      | Killed eurytides's ghost
  7409 | D:6      | Reached XP level 11. HP: 46/94 MP: 10/10
  7722 | D:9      | Noticed a two-headed ogre
  7734 | D:9      | Killed a two-headed ogre
  7744 | D:9      | Found an iron altar of Okawaru.
  7777 | D:9      | Found a hazy altar of Hepliaklqana.
  7803 | D:9      | Reached skill level 10 in Armour
  7830 | D:9      | Noticed a two-headed ogre
  7838 | D:9      | Killed a two-headed ogre
  8021 | D:9      | Found an ornate altar of the Wu Jian Council.
  8089 | D:9      | Reached skill level 14 in Axes
  9148 | D:10     | Entered Level 10 of the Dungeon
  9206 | D:10     | Found a broken altar of Ashenzari.
  9691 | D:10     | Killed from afar by an electric eel

Illustrated notes

Levels and vault maps discovered:
D:1:      wander_arrival_fairy_ring, layout_basic
D:2:      layout_loops_corners, basic_altar, minmay_misc_feat_plants
D:3:      layout_loops_cross
D:4:      wad_river_or_something, layout_rooms, nicolae_vehumet_altar_sigil
D:5:      old_forge, layout_basic
D:6:      layout_rooms, kennysheep_mini_moat, mainiacjoe_overflow_boulevard,
          cheibrodos_sewer_entry_drain, ebering_ghost_rock_garden, uniq_pikel,
          uniq_duvessa
D:7:      layout_cave_pools, zin_angel, kennysheep_mini,
          minmay_temple_entry_slanted, kennysheep_small_circle
D:8:      layout_basic, grunt_gozag_statues, gammafunk_ghost_hive
D:9:      layout_cave_pools, nicolae_wu_jian_immortal_techniques,
          mainiacjoe_overflow_large_starburst, serial_gnoll_camp,
          gnoll_camp_mini_doghouse, gnoll_camp_mini_hut, gnoll_camp_mini_house,
          gnoll_camp_mini_hut, gnoll_camp_mini_basic, serial_bayou_pond_b
D:10:     layout_rooms, evilmike_ruin_ashenzari, erik_lair_island
Temple:   hc_temple_tempest_star

Skill      XL: |  1  2  3  4  5  6  7  8  9 10 11 |
---------------+----------------------------------+-----
Shields        | 4 5 7 9 10 11 | 11.2
Armour         | 4 5 6 9 11 | 11.0
Fighting       | 4 5 6 7 8 |  8.6
Axes           | 3 4 5 6 7 9 12 13 14 | 14.2
Dodging        | 1 5 |  5.3
Evocations     | 4 |  4.1
Stealth        | |  0.5

Action                     |  1- 3 |  4- 6 |  7- 9 | 10-12 || total
---------------------------+-------+-------+-------+-------++-------
  Melee: War axe           |    82 |    84 |   155 |   394 ||   715
         Headbutt          |     9 |    20 |    18 |    78 ||   125
  Evoke: Wand              |       |       |     3 |     5 ||     8
    Use: Scroll            |     6 |     4 |     3 |     6 ||    19
         Potion            |     1 |       |     4 |     3 ||     8
 Armour: Scale mail        |    13 |       |       |       ||    13
         Chain mail        |    42 |    13 |       |       ||    55
         Plate armour      |       |    29 |   132 |   232 ||   393
  Dodge: Dodged            |    53 |    31 |    55 |   110 ||   249
  Block: Buckler           |    41 |    45 |    22 |       ||   108
         Kite shield       |       |       |   131 |   273 ||   404
         Tower shield      |       |       |       |    78 ||    78
